Map: Lightshade LE

Players

Solar - Winner!

  • Race: Zerg Zerg
  • League: Grandmaster
  • Spawn Location: 11:00

Maru

  • Race: Terran Terran
  • League: Master
  • Spawn Location: 5:00

Event: ASUS ROG Online 2020

VOD

Have the link to the VOD?

Description

Time

  • Played on: Nov. 28, 2020, 9:58 a.m.
  • Length: 14:35

All games in this series

Show
View Real Time Build Order
Export as new Build Order

Solar Zerg - Winner!

Build Orders: Hatch First 

Get SALT Encoding   

  12  0:00  Drone  
  13  0:12  Overlord  
  13  0:17  Drone  
  14  0:31  Drone x2  
  16  0:48  Hatchery  
  15  0:51  Drone  
  15  0:54  Drone  
  17  0:57  Drone  
  18  1:08  Extractor  
  17  1:13  Spawning Pool  
  17  1:15  Drone  
  17  1:19  Drone  
  18  1:28  Drone  
  19  1:40  Drone  
  20  1:51  Drone  
  21  1:59  Queen x2  
  21  2:00  Zergling x2  
  26  2:02  Zergling x2  
  27  2:12  Overlord  
  27  2:13  Drone  
  28  2:24  Extractor, Hatchery  
  26  2:30  Spore Crawler  
  26  2:31  Drone  
  26  2:33  Drone  
  26  2:35  Extractor  
  28  2:39  Queen  
  28  2:42  Metabolic Boost  
  31  2:46  Drone  
  31  2:50  Overlord  
  32  2:53  Drone  
  32  2:55  Drone  
  32  2:58  Drone  
  35  3:01  Drone  
  36  3:09  Drone  
  36  3:10  Drone x3  
  36  3:11  Drone  
  41  3:17  Queen  
  43  3:21  Overlord  
  43  3:25  Drone  
  44  3:27  Overlord  
  44  3:35  Queen  
  44  3:36  Drone  
  44  3:40  Drone x2  
  50  3:41  Zergling x4  
  50  3:44  Overlord  
  50  3:46  Drone  
  50  3:48  Drone  
  53  3:51  Drone x2  
  53  3:52  Drone  
  56  3:57  Queen  
  56  3:59  Drone  
  56  4:00  Zergling x2  
  60  4:03  Overlord  
  60  4:04  Drone  
  60  4:06  Drone  
  60  4:08  Drone  
  63  4:16  Spore Crawler, Queen  
  63  4:19  Drone x2  
  63  4:20  Spore Crawler  
  63  4:21  Zergling x4  
  66  4:25  Overlord  
  66  4:26  Drone x2  
  66  4:30  Extractor  
  67  4:32  Lair  
  67  4:38  Extractor, Roach Warren, Drone  
  67  4:40  Drone x2  
  67  4:42  Overlord  
  68  4:46  Spore Crawler  
  68  4:49  Drone x4  
  71  4:55  Drone  
  71  4:57  Zergling x4  
  71  4:58  Zergling x2  
  71  4:59  Overlord  
  75  5:00  Drone x2  
  75  5:02  Drone  
  75  5:05  Extractor, Drone x2  
  80  5:07  Drone  
  80  5:11  Drone  
  81  5:15  Overlord  
  81  5:16  Overlord  
  81  5:19  Extractor  
  80  5:23  Roach x2  
  80  5:25  Roach x3  
  80  5:26  Drone  
  80  5:27  Drone x2  
  93  5:28  Drone  
  93  5:30  Extractor  
  93  5:37  Spire  
  93  5:39  Overlord  
  93  5:41  Zergling x6  
  93  5:47  Zergling x6  
  87  5:56  Drone x3  
  90  6:00  Drone x2  
  90  6:02  Drone  
  87  6:04  Drone  
  87  6:06  Drone  
  87  6:08  Drone  
  87  6:10  Drone  
  91  6:13  Drone  
  91  6:16  Drone x2  
  94  6:22  Overlord  
  94  6:25  Overlord  
  94  6:28  Overlord  
  94  6:30  Overlord  
  94  6:32  Drone  
  85  6:46  Roach x3  
  91  6:48  Corruptor x4  
  91  6:50  Corruptor  
  101  6:54  Corruptor  
  101  6:56  Corruptor  
  101  7:00  Zergling x6  
  105  7:01  Drone  
  105  7:02  Drone  
  105  7:03  Drone  
  105  7:06  Evolution Chamber  
  106  7:16  Zergling x2  
  106  7:17  Zergling x4  
  106  7:18  Glial Reconstitution  
  109  7:23  Corruptor  
  109  7:25  Roach x2, Hatchery  
  109  7:27  Overlord  
  109  7:28  Drone  
  109  7:29  Drone  
  116  7:30  Drone  
  116  7:31  Drone  
  116  7:34  Zerg Missile Weapons Level 1  
  118  7:38  Zerg Flyer Weapons Level 1  
  118  7:39  Corruptor  
  118  7:41  Drone x2  
  122  7:44  Overlord  
  122  7:46  Drone x2  
  122  7:48  Drone x2  
  122  7:50  Overlord  
  126  7:52  Drone  
  126  7:54  Hatchery  
  120  7:58  Drone  
  120  7:59  Drone x2  
  120  8:02  Drone x2  
  124  8:07  Roach  
  124  8:08  Roach  
  124  8:12  Extractor, Roach x2  
  131  8:15  Corruptor  
  131  8:18  Corruptor  
  135  8:30  Pneumatized Carapace  
  135  8:33  Corruptor  
  137  8:35  Ravager x3  
  137  8:36  Overlord  
  137  8:40  Hatchery  
  139  8:44  Roach x5  
  139  8:45  Roach  
  139  8:48  Drone x3  
  153  8:50  Roach x2  
  153  8:51  Overseer  
  157  9:01  Roach x5  
  167  9:06  Overlord  
  167  9:07  Roach  
  167  9:08  Roach x2  
  167  9:09  Ravager x3  
  176  9:12  Overlord  
  176  9:15  Overlord  
  175  9:19  Overlord  
  175  9:20  Overlord  
  175  9:22  Overlord  
  175  9:24  Corruptor  
  175  9:25  Corruptor  
  175  9:28  Roach x2  
  178  9:31  Zerg Missile Weapons Level 2, Ravager  
  178  9:35  Extractor  
  178  9:36  Drone x3  
  178  9:38  Roach x2  
  184  9:42  Roach x2  
  180  9:47  Roach x2  
  180  9:48  Roach x2  
  180  9:49  Roach  
  180  9:51  Roach  
  188  9:53  Roach  
  188  9:56  Ravager  
  188  9:57  Zergling x8  
  195  10:00  Corruptor  
  195  10:02  Roach  
  197  10:08  Roach  
  197  10:18  Roach x5  
  187  10:21  Roach x2  
  187  10:23  Roach x2  
  187  10:24  Roach  
  187  10:25  Roach  
  187  10:26  Roach x5  
  187  10:27  Roach  
  190  10:30  Roach x4  
  190  10:34  Roach  
  190  10:35  Corruptor x2  
  181  10:41  Roach x2  
  181  10:42  Roach x3  
  184  10:45  Roach  
  184  10:47  Ravager x2  
  184  10:48  Zergling x4  
  186  10:51  Roach x2  
  186  10:56  Roach  
  181  10:59  Roach x2  
  181  11:02  Roach x2  
  175  11:05  Zergling x6  
  175  11:08  Queen  
  175  11:09  Zergling x4  
  175  11:10  Zergling x2  
  175  11:11  Ravager x4  
  184  11:13  Roach x5  
  184  11:15  Zergling x4  
  198  11:29  Roach x2  
  198  11:31  Roach  
  198  11:32  Roach x3  
  198  11:36  Roach x4  
  198  11:43  Roach x3  
  198  11:44  Zergling x14  
  198  11:45  Zergling x2  
  191  11:49  Roach x2  
  191  11:50  Roach  
  191  11:53  Roach x2  
  192  11:59  Ravager x4  
  192  12:00  Roach x2  
  193  12:06  Zergling x2, Ravager  
  193  12:07  Zergling x10  
  198  12:10  Roach  
  198  12:12  Hatchery  
  198  12:15  Roach x2  
  198  12:18  Roach x2  
  185  12:24  Roach x3  
  185  12:28  Roach x2  
  178  12:33  Roach x6  
  178  12:34  Zergling x10  
  191  12:38  Roach  
  181  12:45  Zergling x8  
  174  12:53  Roach x2  
  174  12:54  Roach  
  156  12:59  Roach x2  
  156  13:03  Roach  
  147  13:06  Roach x4  
  147  13:10  Roach  
  148  13:14  Roach  
  148  13:17  Ravager x9  
  148  13:18  Roach x4  
  165  13:22  Queen  
  165  13:26  Drone  
  168  13:27  Roach x3  
  168  13:31  Zergling x2  
  168  13:33  Extractor  
  168  13:34  Ravager  
  175  13:35  Zergling x2, Extractor  
  175  13:38  Roach  
  177  13:43  Zergling x4, Roach x4  
  177  13:48  Roach x3  
  186  13:50  Roach x3  
  186  13:54  Roach x2  
  190  13:56  Overseer  
  190  14:00  Zergling x4  
  192  14:06  Ravager  
  192  14:07  Ravager  
  192  14:08  Zergling x2, Roach x2  
  199  14:11  Spine Crawler  
  199  14:12  Zergling x2  
  199  14:14  Spine Crawler  
Show
View Real Time Build Order
Export as new Build Order

Maru Terran 

Build Orders: Reaper Expand, Mech 

Get SALT Encoding   

  12  0:00  SCV  
  13  0:12  SCV  
  14  0:17  Supply Depot  
  14  0:24  SCV  
  15  0:39  Barracks, SCV  
  15  0:42  Refinery  
  16  0:51  SCV  
  17  1:03  SCV  
  18  1:15  SCV  
  19  1:26  Reaper  
  19  1:27  Orbital Command  
  20  1:38  Command Center  
  20  1:49  Supply Depot  
  20  1:52  SCV  
  21  1:58  Marine  
  22  2:03  Factory  
  22  2:05  SCV  
  23  2:14  Refinery  
  23  2:17  SCV  
  23  2:20  Barracks Reactor  
  24  2:29  SCV  
  25  2:41  SCV  
  26  2:50  Orbital Command  
  26  2:51  Starport  
  26  2:53  SCV  
  27  3:01  Hellion  
  27  3:02  Hellion  
  27  3:05  SCV  
  32  3:16  SCV  
  32  3:17  SCV  
  34  3:24  Hellion x2  
  34  3:25  Marine  
  38  3:29  Fusion Core  
  38  3:30  SCV x2  
  40  3:36  Supply Depot, Starport Tech Lab  
  40  3:42  SCV x2  
  42  3:49  Command Center  
  42  3:54  SCV  
  43  4:00  SCV  
  43  4:01  Supply Depot  
  49  4:11  SCV  
  49  4:12  SCV  
  50  4:20  Battlecruiser, Hellion  
  50  4:23  SCV  
  50  4:24  Barracks Tech Lab  
  55  4:25  SCV  
  56  4:33  Hellion  
  56  4:35  SCV  
  56  4:36  Supply Depot  
  56  4:37  SCV  
  60  4:38  Supply Depot  
  60  4:39  Refinery  
  60  4:40  Refinery  
  60  4:47  Hellion  
  62  4:54  Barracks Tech Lab  
  62  4:55  Factory  
  62  4:57  SCV x2  
  62  4:58  Hellion  
  66  5:01  Orbital Command  
  66  5:09  Hellion, SCV x2  
  70  5:16  Factory  
  70  5:19  Hellion  
  70  5:20  Supply Depot  
  72  5:22  SCV  
  72  5:23  Orbital Command  
  72  5:26  SCV  
  74  5:33  Battlecruiser  
  74  5:34  SCV  
  81  5:38  SCV  
  82  5:46  Siege Tank, Hellion, SCV  
  84  5:50  SCV  
  84  5:55  Hellion  
  84  5:56  SCV  
  82  5:58  SCV  
  82  6:02  SCV  
  84  6:08  SCV  
  84  6:10  SCV  
  80  6:13  Engineering Bay, Weapon Refit  
  80  6:14  SCV  
  80  6:15  Supply Depot x2, Hellion, Siege Tank  
  80  6:16  Hellion  
  88  6:20  SCV  
  88  6:22  SCV  
  89  6:25  Siege Tank  
  89  6:26  SCV  
  88  6:33  SCV  
  88  6:34  SCV  
  88  6:38  SCV  
  88  6:39  Hellion x2  
  95  6:40  Refinery  
  95  6:41  Refinery  
  95  6:44  Supply Depot  
  95  6:45  SCV  
  95  6:46  SCV  
  97  6:50  SCV  
  98  6:57  SCV  
  98  6:58  SCV  
  98  7:02  Armory  
  98  7:03  Armory, SCV  
  98  7:06  Missile Turret  
  98  7:07  Missile Turret  
  99  7:09  SCV  
  99  7:10  SCV  
  99  7:14  Siege Tank  
  99  7:15  SCV, Siege Tank  
  108  7:20  Missile Turret  
  108  7:21  SCV  
  109  7:23  Supply Depot, SCV  
  109  7:27  SCV  
  109  7:33  SCV  
  109  7:35  Battlecruiser, SCV  
  117  7:40  Supply Depot  
  117  7:44  SCV  
  117  7:45  SCV  
  117  7:47  SCV  
  117  7:49  Command Center  
  117  7:50  Missile Turret  
  118  7:57  SCV x2  
  118  7:59  SCV  
  118  8:00  Terran Vehicle Weapons Level 1, Terran Vehicle And Ship Armor Level 1  
  118  8:04  Hellion x2, Siege Tank x2  
  121  8:09  SCV x2  
  121  8:12  Missile Turret  
  123  8:15  Sensor Tower  
  123  8:22  Mag-Field Accelerator  
  123  8:23  Supply Depot  
  123  8:26  SCV x3  
  126  8:30  Factory  
  126  8:32  Factory  
  126  8:37  Infernal Pre-Igniter  
  126  8:38  Command Center  
  126  8:39  Hellion x2  
  130  8:54  Factory x2  
  130  9:01  Cyclone x2, Hellion x2  
  140  9:03  Factory  
  140  9:04  SCV x2  
  141  9:12  Missile Turret  
  141  9:14  Supply Depot  
  141  9:15  Missile Turret  
  140  9:31  Refinery  
  140  9:33  Refinery  
  140  9:34  Command Center  
  140  9:36  Supply Depot  
  140  9:37  Factory Tech Lab, Factory Reactor  
  140  9:38  Factory Tech Lab, Factory Reactor  
  140  9:42  Cyclone x2  
  136  9:48  SCV x2  
  127  9:58  Factory Tech Lab  
  127  9:59  Cyclone x2, Hellion x2  
  132  10:02  Terran Vehicle Weapons Level 2  
  131  10:13  Terran Vehicle And Ship Armor Level 2  
  129  10:14  Cyclone  
  129  10:16  Cyclone  
  129  10:17  Hellion x2  
  116  10:29  Cyclone, Hellion x3  
  114  10:41  Hellion x2, Siege Tank  
  115  10:54  Hellion x2, Siege Tank  
  122  11:00  SCV  
  114  11:04  Siege Tank  
  114  11:05  Hellion x3  
  114  11:07  SCV  
  124  11:13  Hellion  
  126  11:22  Siege Tank  
  126  11:23  Missile Turret, Hellion x2  
  131  11:27  Missile Turret  
  123  11:35  Siege Tank  
  123  11:36  Hellion, Siege Tank  
  123  11:37  SCV x2  
  123  11:38  SCV  
  127  11:45  Hellion  
  114  11:49  SCV  
  114  11:50  SCV x2  
  111  11:57  Cyclone  
  114  12:02  SCV x3  
  114  12:05  Supply Depot  
  117  12:14  Cyclone x3  
  122  12:19  Cyclone  
  110  12:29  Cyclone  
  100  12:32  Hellion  
  100  12:36  Orbital Command  
  99  12:42  Hellion  
  99  12:43  Hellion x3  
  102  12:44  SCV  
  102  12:46  Cyclone x2  
  102  12:49  SCV  
  103  12:57  SCV  
  104  13:01  Cyclone  
  95  13:11  Siege Tank  
  98  13:18  Hellion x3  
  104  13:20  SCV x2  
  104  13:26  Orbital Command, SCV  
  107  13:30  Siege Tank  
  107  13:32  SCV  
  111  13:35  Siege Tank  
  111  13:40  SCV x2  
  115  13:44  SCV  
  115  13:47  Cyclone  
  115  13:48  Hellion x2  
  113  13:52  SCV x2  
  113  13:53  Cyclone  
  113  13:54  SCV  
  115  13:57  SCV  
  115  14:02  Hellion, Siege Tank  
  121  14:10  SCV  
Tags
 
Add a new tag
Caveats
  • Supply blocks, unpowered buildings, or Contaminate may cause inaccurate times.
  • Supply counts are checked every 10 seconds.